 Dungeon Crawl Stone Soup version 0.24-a0-278-gefa1973 (webtiles) character file.

Game seed: 7074843839940902397

3679 nikopol the Thaumaturge (level 9, -1/46 HPs)
             Began as a Deep Elf Fire Elementalist on Apr 28, 2019.
             Was a Follower of Vehumet.
             Slain by Harold
             ... wielding a +3 long sword
              (11 damage)
             ... on level 7 of the Dungeon on Apr 30, 2019.
             The game lasted 00:35:00 (8640 turns).

nikopol the Thaumaturge (DEFE)                      Turns: 8640, Time: 00:35:01

Health: -1/46      AC:  3    Str:  5    XL:     9   Next: 90%
Magic:  14/26      EV:  7    Int: 24    God:    Vehumet [*.....]
Gold:   195        SH:  0    Dex: 15    Spells: 15/30 levels left

rFire    . . .     SeeInvis .   A - +2 dagger (holy)
rCold    . . .     Gourm    .   x - +0 buckler
rNeg     + . .     Faith    .   a - +1 robe
rPois    .         Spirit   .   (no helmet)
rElec    .         Reflect  .   (no cloak)
rCorr    +         Harm     .   (no gloves)
MR       .....                  (no boots)
Stlth    +++.......             n - amulet of regeneration
HPRegen  0.55/turn              v - ring of positive energy
MPRegen  0.20/turn              k - ring of resist corrosion

@: held
A: no striking features
a: Renounce Religion


You were on level 7 of the Dungeon.
You worshipped Vehumet.
Vehumet was aware of your devotion.
You were not hungry.

You visited 2 branches of the dungeon, and saw 8 of its levels.
You also visited: Ossuary.

You collected 195 gold pieces.

Inventory:

Hand Weapons
 A - a +2 dagger of holy wrath (weapon)
Armour
 a - a +1 robe (worn)
 x - a +0 buckler (worn)
Jewellery
 k - a ring of resist corrosion (right hand)
 n - an amulet of regeneration (around neck)
 v - a ring of positive energy (left hand)
 z - an uncursed amulet of harm {unknown}
Wands
 g - a wand of acid (8)
 B - a wand of paralysis (8)
Scrolls
 f - 2 scrolls of remove curse
 h - 3 scrolls of immolation
 l - a scroll of blinking
 o - 2 scrolls of amnesia {unknown}
 q - a scroll of summoning {unknown}
 s - 2 scrolls of magic mapping {unknown}
 w - a scroll of teleportation
 y - a scroll of enchant weapon
Potions
 b - 3 potions of lignification
 d - a potion of degeneration {unknown}
 e - 3 potions of ambrosia
 i - a potion of mutation {unknown}
 j - 4 potions of heal wounds
 m - 4 potions of magic
 p - 2 potions of might {unknown}
 r - 2 potions of brilliance {unknown}
 t - 4 potions of curing {unknown}
 u - 2 potions of haste {unknown}
Comestibles
 c - 2 rations
 C - 6 chunks of flesh


   Skills:
 + Level 0.6 Fighting
 + Level 3.5 Dodging
 + Level 4.4 Stealth
 * Level 2.7 Shields
 + Level 11.2 Spellcasting
 + Level 7.9 Conjurations
 + Level 8.6 Fire Magic


You had 15 spell levels left.
You knew the following spells:

 Your Spells              Type           Power        Failure   Level  Hunger
a - Flame Tongue          Conj/Fire      #####        1%          1    None
b - Throw Flame           Conj/Fire      ######       1%          2    None
c - Conjure Flame         Conj/Fire      ######..     1%          3    None
d - Sticky Flame          Conj/Fire      ######..     1%          4    None
e - Fireball              Conj/Fire      ######....   4%          5    ####...

Your spell library contained the following spells:

 Spells                   Type           Power        Failure   Level  Hunger
 Sandblast                Erth           ##....       5%          1    None
 Inner Flame              Hex/Fire       ####....     2%          3    None
 Animate Skeleton         Necr           N/A          5%          1    None
 Apportation              Tloc           ##....       5%          1    None
 Confusing Touch          Hex            ##....       5%          1    None
 Summon Small Mammal      Summ           ##..         5%          1    None


Dungeon Overview and Level Annotations

Branches:
Dungeon (7/15)             Temple (1/1) D:6

Altars:
Cheibriados
Dithmenos
Elyvilon
Fedhas
Gozag
Hepliaklqana
Kikubaaqudgha
Makhleb
Nemelex Xobeh
Okawaru
Qazlal
Vehumet
Xom
Yredelemnul
The Shining One

Shops:
D:7 (

Annotations:
D:7 Harold


Message History

Casting: Flame Tongue (safe; 1% risk of failure)
Confirm with . or Enter, or press ? or * to list all spells.
Aiming: Flame Tongue (safe; 1% risk of failure)
Press: ? - help, Shift-Dir - straight line, f/p - Harold
Aim: Harold, wielding a +3 long sword and wearing a +3 scale mail of poison resistance (flame, heavily wounded, covered in liquid flames)
The flame tongue hits Harold.
Harold is heavily wounded.
Harold burns!
Harold is engulfed in blazing flames.
Harold hits you with a +3 long sword!
* * * LOW HITPOINT WARNING * * *
Casting: Flame Tongue (safe; 1% risk of failure)
Confirm with . or Enter, or press ? or * to list all spells.
Aiming: Flame Tongue (safe; 1% risk of failure)
Press: ? - help, Shift-Dir - straight line, f/p - Harold
Aim: Harold, wielding a +3 long sword and wearing a +3 scale mail of poison resistance (flame, severely wounded, covered in liquid flames)
The flame tongue hits Harold.
Harold is severely wounded.
Harold burns!
Harold is engulfed in blazing flames.
Harold hits you with a +3 long sword!
You die...

#(# #. #.# .. #(# #[ #.#
.. #.### #. #....
.#####. #....
.......#############..÷.
.......@.....÷....##....
.......#@########.......
.......#..# ####....
.......##..# #....
....... .... #....
....... ..... #....
....... ...... #####
....... ......


You could see Harold (burning).

Vanquished Creatures
  A hippogriff (D:7)
  A sky beast (D:5)
  3 ogres
  6 necrophages (D:6)
  3 centaurs
  2 bullfrogs
  A gnoll sergeant (D:3)
  4 scorpions (D:5)
  2 jellies
  A crimson imp (D:5)
  2 centaur zombies (Ossuary)
  3 bullfrog zombies (Ossuary)
  5 gnoll shamans (D:3)
  3 hounds
  A bullfrog skeleton (D:6)
  3 orc priests (D:6)
  4 orc wizards
  A centaur skeleton (D:4)
  3 iguanas
  12 worker ants
  A hound zombie (Ossuary)
  A hound skeleton (D:5)
  14 mummies
  A howler monkey zombie (Ossuary)
  4 worker ant zombies
  31 gnolls (D:3)
  9 adders
  A shadow imp (D:6)
  An adder skeleton (D:4)
  4 adder zombies
  2 dart slugs
  3 leopard geckos
  27 orcs
  8 bats
  7 giant cockroaches
  4 goblins
  8 hobgoblins
  14 jackals (D:3)
  2 quokkas
  3 ball pythons
  A ball python zombie (Ossuary)
  6 frilled lizards
  2 jackal zombies (Ossuary)
  8 kobolds
  A quokka skeleton (D:6)
  2 quokka zombies (Ossuary)
  3 rats
229 creatures vanquished.

Vanquished Creatures (others)
  A bush (D:6)
  4 plants (D:6)
  2 withered plants (Ossuary)
7 creatures vanquished.

Grand Total: 236 creatures vanquished

Notes
Turn   | Place    | Note
-------+----------+-------------------------------------------
     0 | D:1      | nikopol the Deep Elf Fire Elementalist began the quest for
                  | the Orb.
     0 | D:1      | Reached XP level 1. HP: 10/10 MP: 6/6
   193 | D:1      | Reached XP level 2. HP: 15/15 MP: 6/8
   550 | D:2      | Reached XP level 3. HP: 19/19 MP: 2/9
   640 | D:2      | Found an iron altar of Okawaru.
  1068 | D:2      | Reached XP level 4. HP: 22/24 MP: 6/11
  1072 | D:2      | Upgraded the game from 0.24-a0-275-g6f7e2cb to
                  | 0.24-a0-278-gefa1973
  1157 | D:3      | Learned a level 2 spell: Throw Flame
  1168 | D:3      | Learned a level 3 spell: Conjure Flame
  1243 | D:3      | Learned a level 4 spell: Sticky Flame
  1280 | D:3      | Reached skill level 4 in Spellcasting
  1621 | D:3      | Reached XP level 5. HP: 28/28 MP: 11/13
  2409 | D:3      | Reached skill level 5 in Fire Magic
  2613 | D:3      | Reached skill level 5 in Spellcasting
  2639 | D:3      | Reached XP level 6. HP: 21/32 MP: 1/15
  2658 | D:3      | Learned a level 5 spell: Fireball
  3509 | D:3      | Reached skill level 6 in Spellcasting
  3509 | D:3      | Reached XP level 7. HP: 37/37 MP: 13/18
  4219 | D:4      | Found a sand-covered staircase.
  4234 | Ossuary  | Entered an ossuary
  4372 | Ossuary  | Reached skill level 7 in Spellcasting
  4377 | Ossuary  | Reached skill level 5 in Conjurations
  4586 | Ossuary  | Reached XP level 8. HP: 42/42 MP: 17/21
  4645 | Ossuary  | Reached skill level 8 in Spellcasting
  5046 | D:4      | Found an opulent altar of Gozag.
  5284 | D:4      | Found an ancient bone altar of Kikubaaqudgha.
  5571 | D:4      | Reached skill level 9 in Spellcasting
  5613 | D:5      | Entered Level 5 of the Dungeon
  5919 | D:5      | Found an opulent altar of Gozag.
  5919 | D:5      | Found a sparkling altar of Nemelex Xobeh.
  5982 | D:5      | Found a hazy altar of Hepliaklqana.
  6223 | D:5      | Reached XP level 9. HP: 46/46 MP: 12/24
  6624 | D:6      | Reached skill level 10 in Spellcasting
  6908 | D:6      | Found a burning altar of Makhleb.
  6969 | D:6      | Reached skill level 1 in Shields
  7230 | D:6      | Found a staircase to the Ecumenical Temple.
  7458 | Temple   | Entered the Ecumenical Temple
  7548 | Temple   | Became a worshipper of Vehumet
  7800 | D:6      | Found a blossoming altar of Fedhas.
  8235 | D:7      | Reached skill level 11 in Spellcasting
  8442 | D:7      | Found Voge's Antique Weapon Shop.
  8572 | D:7      | Reached * piety under Vehumet
  8572 | D:7      | Offered knowledge of Sandblast by Vehumet.
  8628 | D:7      | Noticed Harold
  8640 | D:7      | Slain by Harold

Levels and vault maps discovered:
D:1:      dpeg_arrival_stonehenge_8_columns, layout_rooms, minivault_24,
          minmay_misc_feat_chi, minmay_pentomino_r2
D:2:      layout_rooms, okawaru_ov_weapons_minmay
D:3:      lemuel_castle_with_subvaults [lemuel_castle_interior_carwin_3],
          layout_loops_ring, hangedman_decor_opposing,
          chequers_serial_rivers_marsh
D:4:      layout_loops_cross, kiku_gazebo_garden_becter,
          gup_ossuary_entry_pyramid, kennysheep_small_spiral,
          grunt_gozag_statues
D:5:      layout_basic, grunt_temple_overflow_opulence, kennysheep_little_box,
          first_ration
D:6:      minmay_cornered_nines, layout_rooms, makhleb_heckhound_becter,
          fedhas_altar_decomposition, minmay_temple_entry_mist
D:7:      layout_rooms, serial_shops, shop, zaba_anthole, uniq_harold
Temple:   grunt_temple_mini_profane

Skill      XL: |  1  2  3  4  5  6  7  8  9 |
---------------+----------------------------+-----
Fire Magic     | 4 5 6 7 8 |  8.6
Conjurations   | 2 3 4 5 6 7 |  7.9
Stealth        | 3 4 |  4.4
Spellcasting   | 4 5 6 7 9 11 | 11.2
Dodging        | 3 |  3.5
Shields        | 2 |  2.7
Fighting       | |  0.6

Action                   |  1- 3 |  4- 6 |  7- 9 || total
-------------------------+-------+-------+-------++-------
Melee: Dagger            |       |       |     2 ||     2
 Cast: Flame Tongue      |    53 |   137 |   223 ||   413
       Throw Flame       |       |    42 |    31 ||    73
       Conjure Flame     |       |     4 |     6 ||    10
       Sticky Flame      |       |       |    52 ||    52
       Fireball          |       |       |     2 ||     2
  Use: Scroll            |       |       |    12 ||    12
 Stab: Sleeping          |       |       |     1 ||     1
  Eat: Chunk             |       |     8 |    14 ||    22
       Ration            |       |       |     1 ||     1
Armor: Robe              |     9 |     3 |    16 ||    28
Dodge: Dodged            |    32 |    14 |    66 ||   112
Block: Buckler           |       |       |     9 ||     9

Table legend:
 A = Non-vault XP
 B = Vault XP
 C = Vault XP percentage of total XP
 D = Non-vault monster count
 E = Vault monster count
 F = Vault count percentage of total count
                 A         B        C        D         E       F
            +---------+---------+-------+---------+---------+-------
      Total |    3009 |    2248 |  42.8 |     136 |      93 |  40.6
            +---------+---------+-------+---------+---------+-------
        D:1 |      23 |       4 |  14.8 |      14 |       2 |  12.5
        D:2 |      83 |       0 |   0.0 |      14 |       0 |   0.0
        D:3 |     113 |     758 |  87.0 |      35 |      51 |  59.3
        D:4 |     490 |      18 |   3.5 |      12 |       1 |   7.7
        D:5 |     961 |       0 |   0.0 |      26 |       0 |   0.0
        D:6 |     669 |     774 |  53.6 |      24 |       9 |  27.3
        D:7 |     670 |       0 |   0.0 |      11 |       0 |   0.0
    Ossuary |       0 |     694 | 100.0 |       0 |      30 | 100.0
            +---------+---------+-------+---------+---------+-------
